[Event "*** Titled Tuesday Blitz"]
[Site "Chess.com"]
[Date "2020.11.03"]
[Round "6"]
[White "Michaelson_11"]
[Black "chessmachine14"]
[Result "1/2-1/2"]
[WhiteElo "2157"]
[BlackElo "2351"]
[TimeControl "180+1"]
[EndTime "11:12:26 PST"]
[Termination "Game drawn - insufficient material"]

1. e4 c5 2. Nf3 e6 3. d4 cxd4 4. Nxd4 Nf6 5. Nc3 d6 6. g4 h6 7. Rg1 Nc6 8. h4 h5 9. gxh5 Nxh5 10. Bg5 Nf6 11. Nxc6 bxc6 12. e5 dxe5 13. Qxd8+ Kxd8 14. O-O-O+ Kc7 15. Re1 Bd6 16. Bxf6 gxf6 17. Rg7 Bd7 18.
Rxf7 Raf8 19. Rxf8 Bxf8 20. Re4 f5 21. Rxe5 Rxh4 22.
Bd3 Rf4 23. Re2 Bg7 24. Kd2 e5 25. b3 e4 26. Bc4 Bd4 27. Nd1 Be8 28. c3 Bb6 29.
Ke1 Bh5 30. Rd2 Rh4 31. Ne3 f4 32. Nf1 e3 33. fxe3 fxe3 34. Rg2 Rh1 35. Rg7+ Kd6 36. Rh7 Bf3 37. Rxh1 Bxh1 38. Ng3 Bf3 39. Be2 Bxe2 40.
Kxe2 Ke5 41. Kf3 a5 42. Ne2 Bc5 43. Nc1 Kd5 44. Nd3 Bb6 45. Nf4+ Ke5 46. Ng6+ Kf6 47.
Nf4 Kf5 48. Ng2 e2 49. Kxe2 Ke4 50. Kd2 Bd8 51. Ne1 Bg5+ 52. Kc2 Be3 53. Nd3 Bg1 54. Nb2 Bf2 55. a4 Bg1 56. Nc4 Kd5 57. Nxa5 Kc5 58.
b4+ Kb6 59. Kb3 Bf2 60. Nc4+ Ka6 61. Ne5 Kb6 62. a5+ Kb7 63. Kc4 Bg1 64. Kb3 Bf2 65.
c4 Bg1 66. Ka4 Bh2 67. b5 cxb5+ 68. cxb5 Bxe5 69. a6+ Kb6 70. Kb4 Bb8 71. Kc4 Bh2 72.
Kb4 Bg1 73. Kc4 Ka7 74. Kd5 Bb6 75. Kc6 Bg1 76. b6+ Bxb6 77. Kb5 Bg1 78. Kc6 Bb6 79. Kb5 Bg1 80. Kc4 Bb6 81. Kd5 Bg1 82. Ke4 Bb6 83. Kf3 Bg1 84. Ke2 Bb6 85. Kf1 Bc5 86. Ke2 Kxa6 1/2-1/2

[Event "*** Titled Tuesday Blitz"]
[Site "Chess.com"]
[Date "2020.11.03"]
[Round "6"]
[White "BegmuratovKh2010"]
[Black "ShcufNaiRolf"]
[Result "0-1"]
[WhiteElo "2449"]
[BlackElo "2357"]
[TimeControl "180+1"]
[EndTime "11:12:39 PST"]
[Termination "ShcufNaiRolf won by checkmate"]

1. d4 d5 2. Nf3 Nf6 3. c4 c6 4. e3 e6 5. Nc3 Nbd7 6. Bd2 Bd6 7. Qc2 O-O 8. Bd3 dxc4 9. Bxc4 b5 10. Bd3 Bb7 11. O-O Rc8 12. Ne4 Nxe4 13. Bxe4 Nf6 14. b4 Nxe4 15. Qxe4 Qe7 16. Qb1 e5 17. Bc3 e4 18.
Nd2 f5 19. a4 a6 20. Nb3 Rc7 21. Nc5 Bc8 22. g3 h5 23. axb5 axb5 24. Qb3+ Kh7 25. Na6 Ra7 26. Nc5 Rc7 27. f3 exf3 28. Rxf3 h4 29. Kf2 Rf6 30. Qc2 Rh6 31. Kg2 hxg3 32. hxg3 Qg5 33. Rh1 Rxh1 34. Kxh1 Bxg3 35. Qg2 Qh4+ 36.
Kg1 f4 37. exf4 Bxf4 38. Nd3 Bh6 39. d5 Ra7 40. Bd4 Ra2 41. Qxa2 Qxd4+ 42. Qf2 Qxd5 43. Nf4 Qf5 44. Ng2 Qg4 45. Rg3 Qxb4 46. Qc2+ Kh8 47. Qxc6 Qb1+ 48. Kh2 Bf5 49. Qe8+ Kh7 50. Qh5 Be4 51.
Qg4 Qc2 52. Qe6 Bf5 53. Qe5 Qe4 54. Qxe4 Bxe4 55. Kh3 Bc6 56. Rd3 Be4 57. Rd1 b4 58.
Ra1 Bd2 59. Ne1 b3 60. Ra4 b2 61. Rxe4 b1=Q 62. Rh4+ Bh6 63. Nf3 Qb7 64. Kg4 Qc8+ 65. Kg3 Kg6 66. Rg4+ Kf7 67. Ne5+ Kg8 68. Nf3 Qb8+ 69.
Kh3 Qb3 70. Kg3 g6 71. Rxg6+ Kh7 72. Rg4 Qb8+ 73. Kg2 Qd6 74. Rg3 Qf6 75. Rh3 Kg6 76. Kg3 Kf7 77. Nh4 Bf4+ 78. Kg2 Bg5 79. Nf3 Bf4 80.
Rh4 Qb2+ 81. Kh3 Bd6 82. Kg4 Ke7 83. Rh7+ Ke6 84. Rh4 Kd5 85. Rh6 Qb4+ 86. Kh3 Qf4 87. Rh5+ Kc6 88. Nh4 Qg3# 0-1

[Event "*** Titled Tuesday Blitz"]
[Site "Chess.com"]
[Date "2020.11.03"]
[Round "6"]
[White "Sebastian"]
[Black "obliviate12"]
[Result "1-0"]
[WhiteElo "2903"]
[BlackElo "2716"]
[TimeControl "180+1"]
[EndTime "11:12:46 PST"]
[Termination "Sebastian won by resignation"]

1. c4 e6 2. g3 d5 3. Bg2 Nf6 4. Nf3 Be7 5. O-O O-O 6. d4 dxc4 7.
Qa4 a6 8. Qxc4 b5 9. Qc2 Bb7 10. Bd2 Bd6 11. Nh4 Bxg2 12. Kxg2 Nbd7 13. e4 Be7 14.
Ba5 Qc8 15. Qc6 Ra7 16. Nd2 Nb8 17. Qc2 c5 18. dxc5 Qxc5 19. Qxc5 Bxc5 20. Rac1 Be7 21. Nhf3 h6 22. Rc2 Bd8 23. Bb4 Be7 24. Bxe7 Rxe7 25.
Rfc1 Rd8 26. Ne5 Nfd7 27. Ndf3 Nf6 28. Nd2 Nfd7 29. Nd3 Nb6 30. Nc5 f6 31. Nf3 Kf7 32. e5 Nc4 33. exf6 gxf6 34. b3 Nb6 35. a4 Nd5 36.
axb5 axb5 37. Ne4 b4 38. Rc5 Nd7 39. Rc6 Nf8 40. Nd6+ Kg6 41. Re1 Kg7 42. Nc4 Red7 43. Nd4 Kf7 44. Nxe6 Nxe6 45. Rcxe6 Rc7 46. Ra6 Rdd7 47.
Re4 Kg6 48. Rg4+ Kf7 49. Rh4 Kg7 50. Rd4 Ne7 51. Rxd7 Rxd7 52. Rb6 Nd5 53. Rb5 Kf7 54. Kf3 Ke6 55. h4 h5 56. Ne3 Nxe3 57. Kxe3 Rc7 58. Rxb4 Rc2 59. Rb5 f5 60. Rb6+ Ke5 61. Kf3 Rc3+ 62.
Kg2 Rc2 63. Rb5+ Ke4 64. Rb4+ Ke5 65. Rb6 Rb2 66. Rh6 Ke4 67. Rxh5 f4 68. Rh6 f3+ 69. Kg1 Rb1+ 70. Kh2 Rf1 71. Re6+ Kf5 72. Re8 Rxf2+ 73. Kh3 Rb2 74. Rf8+ Ke4 75. Kg4 f2 76. h5 Ke3 77.
h6 Rxb3 78. h7 Rb4+ 79. Kh3 Rb1 80. h8=Q Rh1+ 81. Kg2 f1=Q+ 82. Rxf1 Rxh8 83. g4 Ke4 84. Kg3 Rg8 85. Kh4 Rh8+ 86. Kg5 Rg8+ 87. Kh5 Rh8+ 88.
Kg5 Rg8+ 89. Kh4 Rh8+ 90. Kg3 Rg8 91. Rf5 Rh8 92. Ra5 Rg8 93. g5 Re8 94. Kg4 Rc8 95. g6 Rc1 96. Kg5 Rg1+ 97. Kh6 1-0

[Event "*** Titled Tuesday Blitz"]
[Site "Chess.com"]
[Date "2020.11.03"]
[Round "6"]
[White "Shubinkirill2003"]
[Black "Rap_woyska"]
[Result "1/2-1/2"]
[WhiteElo "2681"]
[BlackElo "2525"]
[TimeControl "180+1"]
[EndTime "11:12:52 PST"]
[Termination "Game drawn by repetition"]

1. e4 e6 2. d4 d5 3. Nc3 Nf6 4.
Bg5 dxe4 5. Nxe4 Be7 6. Bxf6 gxf6 7. Qd2 f5 8. Nc3 a6 9. g3 Qd6 10. Bg2 Nd7 11. Nf3 Rb8 12. O-O b5 13. Rfe1 b4 14. Ne2 Bb7 15. Nf4 Nf6 16. Ne5 Bxg2 17. Kxg2 Ne4 18.
Qd3 c5 19. Nc4 Qxd4 20. Qxd4 cxd4 21. Rad1 Rc8 22. b3 Rd8 23. Ne5 Bf6 24. Nc6 Rc8 25.
Nxd4 Bxd4 26. Rxd4 e5 27. Rd5 exf4 28. Rxf5 O-O 29.
Rxe4 fxg3 30. hxg3 Rxc2 31. Ra5 Rd8 32. Rxa6 Rdd2 33.
Rf4 Rxa2 34. Rxa2 Rxa2 35. Rxb4 Rb2 36. Kf3 Kg7 37. Rb6 Rb1 38. Ke3 Rb2 39. f3 h5 40.
Kf4 Rg2 41. b4 f6 42. b5 Rg1 43. Rb8 Rb1 44. b6 Rb4+ 45. Ke3 Rb3+ 46. Kf2 Rb1 47. Kg2 Rb2+ 48. Kh3 Rb1 49. f4 Rb2 50. f5 Rb1 51. Kg2 Rb5 52. b7 Rb3 53. Kh3 Rb1 54. Kg2 Rb2+ 55.
Kf3 Rb4 56. Ke3 Rb1 57. Kf2 Rb2+ 58. Kf3 Rb3+ 59. Kg2 Rb2+ 60. Kh3 Rb1 61. g4 Rb3+ 62. Kh4 hxg4 63. Kxg4 Rb4+ 64. Kf3 Rb5 65. Ke4 Rb1 66. Kd5 Rd1+ 67. Ke6 Re1+ 68. Kd6 Rd1+ 69. Kc5 Rc1+ 70. Kd4 Rb1 71. Kd3 Rb2 72. Kc3 Rb1 73. Kc2 Rb6 74. Kc3 Rb1 75. Kc2 Rb6 76. Kd2 Rb1 77. Ke3 Rb2 78. Kf4 Rb1 79. Kg4 Rb4+ 80. Kh5 Rb3 81. Rc8 Rxb7 82. Rc2 Re7 83. Rg2+ Kf7 84. Kh6 Re1 85. Rg7+ Kf8 86. Ra7 Rg1 87.
Ra6 Kf7 88. Ra7+ Kf8 89. Ra8+ Kf7 90. Ra7+ Kf8 1/2-1/2

[Event "*** Titled Tuesday Blitz"]
[Site "Chess.com"]
[Date "2020.11.03"]
[Round "6"]
[White "Zarikovs1999"]
[Black "ShahMatKanal"]
[Result "1-0"]
[WhiteElo "2356"]
[BlackElo "2494"]
[TimeControl "180+1"]
[EndTime "11:13:10 PST"]
[Termination "Zarikovs1999 won by checkmate"]

1. e4 c5 2. Nf3 Nc6 3. d4 cxd4 4. Nxd4 e5 5. Nb5 a6 6. Nd6+ Bxd6 7. Qxd6 Qf6 8. Qxf6 Nxf6 9. Nc3 d5 10. exd5 Nb4 11.
Bd3 Nxd3+ 12. cxd3 Bf5 13. O-O Bxd3 14. Re1 Nd7 15.
f4 f6 16. fxe5 fxe5 17. Bf4 O-O-O 18. Bxe5 Nxe5 19. Rxe5 Rd7 20. Rd1 Bg6 21. Kf2 b5 22. Ke3 Rf8 23. Ne2 Kb7 24. Nf4 Bf7 25. Rd4 h6 26.
Nd3 Kb6 27. b4 Rfd8 28. Ke4 Bg6+ 29. Ke3 Bf7 30. Nf4 g5 31. Ne6 Re8 32. Ree4 Bg6 33.
Re5 Rd6 34. Rd2 Bf7 35. Rf2 Bxe6 36. dxe6 Rdxe6 37. Rxe6+ Rxe6+ 38. Kd4 a5 39. a3 axb4 40. axb4 Rc6 41. Kd5 g4 42. Rf4 Rg6 43. g3 h5 44.
Ke5 Kc7 45. Rf7+ Kc8 46. Rf8+ Kd7 47. Rf6 Rg7 48. Rf5 Re7+ 49. Kd5 Rh7 50. Kc5 h4 51. Rg5 hxg3 52. hxg3 Rh3 53. Rxg4 Rh5+ 54. Kb6 Kd6 55. Rg6+ Kd5 56. Kxb5 Kd4+ 57. Kb6 Kc4 58. Rg4+ Kd5 59. b5 Rh6+ 60. Ka5 Kc5 61. Rg5+ Kc4 62. Rg4+ Kc5 63. b6 Rh1 64. Rg5+ Kc6 65. Rg6+ Kb7 66. Rg7+ Kc6 67. Rc7+ Kd6 68. Ka6 Ra1+ 69. Kb7 Ra3 70. Rg7 Kc5 71.
g4 Rb3 72. Rg5+ Kd6 73. Ka7 Ra3+ 74. Kb8 Rb3 75. Rg6+ Kd7 76. b7 Ra3 77. Rg7+ Kd8 78. Rg8+ Kd7 79. Rg7+ Kd8 80. g5 Ra6 81. Rf7 Ke8 82. Rf5 Kd8 83. Rd5+ Ke7 84. Kc7 Ra7 85. Kb6 Ra1 86. b8=Q Rb1+ 87. Kc7 Rxb8 88. Kxb8 Ke6 89. Ra5 Kf7 90. Kc7 Kg6 91. Kd6 Kf7 92. Re5 Kg7 93.
Ke6 Kg6 94. Ke7 Kg7 95. Re6 Kg8 96. Kf6 Kh7 97. g6+ Kh6 98. Re2 Kh5 99. g7 Kg4 100.
Rg2+ Kf3 101. g8=Q Ke3 102. Qg3+ Ke4 103. Re2+ Kd5 104. Qe5+ Kc4 105. Rc2+ Kd3 106. Qc3+ Ke4 107. Re2+ Kd5 108. Qe5+ Kc4 109. Re4+ Kd3 110. Qd4+ Kc2 111. Re2+ Kb3 112. Rb2+ Ka3 113. Qb4# 1-0

[Event "*** Titled Tuesday Blitz"]
[Site "Chess.com"]
[Date "2020.11.03"]
[Round "6"]
[White "Fy_Rakotomaharo"]
[Black "Pilopa"]
[Result "1/2-1/2"]
[WhiteElo "2623"]
[BlackElo "2483"]
[TimeControl "180+1"]
[EndTime "11:13:20 PST"]
[Termination "Game drawn by stalemate"]

1. g3 d5 2. Nf3 Nf6 3. Bg2 g6 4. O-O Bg7 5. d4 O-O 6. b3 Bf5 7. Bb2 c6 8. Nbd2 a5 9. c4 a4 10. Nh4 Be6 11. e4 dxe4 12. Nxe4 Nxe4 13. Bxe4 a3 14. Bc3 c5 15. Bxb7 Ra7 16. Bg2 cxd4 17.
Bd2 Qb6 18. Rc1 Na6 19. Nf3 Rc8 20. Ng5 Bf5 21. Ne4 Rac7 22. Qe2 Nb4 23. c5 Qb8 24.
Bxb4 Qxb4 25. Rc4 Qb5 26. Qd3 Rxc5 27. Rfc1 Rxc4 28. bxc4 Qb2 29. Rc2 Qb1+ 30. Bf1 Bh3 31. Nd2 Qd1 32. Nb3 Qxf1+ 33. Qxf1 Bxf1 34. Kxf1 d3 35. Rd2 Rxc4 36. Rxd3 Bf6 37. Rd8+ Kg7 38. Ra8 Bb2 39.
Ke2 Rc2+ 40. Kf3 h5 41. h4 e6 42. Ra7 Rc3+ 43. Kg2 Rc2 44. Ra6 Kf6 45. Ra4 Re2 46.
Kf3 Rc2 47. Rf4+ Ke7 48. Ra4 Rc7 49. Ra6 Rd7 50. Ke4 Rd1 51. Nc5 Kf6 52. Ra7 Ra1 53. Nd7+ Ke7 54. Ne5+ Kd6 55. Nxf7+ Kc5 56. Nd8 Rxa2 57.
Nxe6+ Kc4 58. Nf4 Ra1 59. Kf3 Rd1 60. Nxg6 Kb3 61. Rb7+ Kc2 62. Ra7 Kb1 63. Nf4 a2 64.
Nxh5 a1=Q 65. Rxa1+ Bxa1 66. Kg4 Kc2 67. f4 Rf1 68.
Kf5 Kd3 69. g4 Bc3 70. g5 Kc4 71. g6 Rg1 72. Nf6 Kb5 73. h5 Kc6 74. h6 Kd6 75. g7 Ke7 76. g8=Q Rxg8 77. Nxg8+ Kf7 78. h7 Kg7 79. Ne7 Kxh7 80. Ke6 Kg7 81. Nd5 Ba1 82. f5 Kf8 83. Nf4 Bb2 84. Nh5 Ba1 85. Kd5 Bb2 86. Ke4 Ba1 87. Kf4 Bb2 88. Kg5 Ba1 89. Kg6 Bb2 90. Nf6 Ba1 91. Ne4 Bb2 92. Nc5 Ba1 93. Ne6+ Ke8 94. Nc7+ Kf8 95. Nd5 Bb2 96. Nb4 Ba1 97.
Nd3 Bc3 98. Nf4 Ba1 99. Ne6+ Ke8 100. Nc5 Kf8 101. Nd3 Bc3 102. Kg5 Ba1 103. Kf4 Bc3 104. Ke4 Bf6 105. Kd5 Ba1 106. Kc4 Bh8 107. Kb3 Ba1 108. Nf4 Bf6 109. Ng6+ Kf7 110. Kc4 Bd8 111. Kd5 Kf6 112. Ke4 Kf7 113. Ne5+ Kf8 114. Nc6 Bf6 115. Ne5 Bxe5 116. Kxe5 Ke7 117. f6+ Kf7 118. Kf5 Kf8 119. Kg6 Kg8 120. f7+ Kf8 121. Kf6 1/2-1/2

[Event "*** Titled Tuesday Blitz"]
[Site "Chess.com"]
[Date "2020.11.03"]
[Round "7"]
[White "ecwinslow"]
[Black "akanga001"]
[Result "0-1"]
[WhiteElo "2172"]
[BlackElo "1937"]
[TimeControl "180+1"]
[EndTime "11:16:16 PST"]
[Termination "akanga001 won by resignation"]

1. e4 c6 2. d4 d5 3. exd5 cxd5 4. c4 Nf6 5. Nc3 e6 6. Nf3 Bb4 7. cxd5 Nxd5 8. Qb3 Be7 9. Bb5+ Nc6 10. Ne5 Qd6 11. Ne4 Qb4+ 12. Qxb4 Bxb4+ 13. Bd2 Bxd2+ 14. Kxd2 O-O 15. Nxc6 bxc6 16. Bxc6 Rb8 17. b3 Nb4 18. Bb5 Rxb5 0-1

[Event "*** Titled Tuesday Blitz"]
[Site "Chess.com"]
[Date "2020.11.03"]
[Round "7"]
[White "mortngabriel"]
[Black "MarkoPe"]
[Result "0-1"]
[WhiteElo "2298"]
[BlackElo "2234"]
[TimeControl "180+1"]
[EndTime "11:16:27 PST"]
[Termination "MarkoPe won by resignation"]

1. g3 d5 2. Bg2 g6 3. c4 dxc4 4. Nf3 Bg7 5. O-O e5 6. Qa4+ Nc6 7.
Qxc4 Nge7 8. Nc3 O-O 9. d3 h6 10. Rb1 Be6 11. Qa4 Qd7 12. b4 a6 13. Ne4 b6 14.
Bd2 Nd4 15. Nxd4 Qxa4 0-1

[Event "*** Titled Tuesday Blitz"]
[Site "Chess.com"]
[Date "2020.11.03"]
[Round "7"]
[White "obliviate12"]
[Black "WPWPWP-2015"]
[Result "0-1"]
[WhiteElo "2704"]
[BlackElo "2507"]
[TimeControl "180+1"]
[EndTime "11:16:32 PST"]
[Termination "WPWPWP-2015 won by resignation"]

1. e4 c5 2. Nf3 d6 3. a3 Nf6 4. Nc3 a6 5. b4 b6 6. g3 Bb7 7. Qe2 Nc6 8. Bg2 Nd4 9. Nxd4 cxd4 10. Nd5 Rc8 11. Bb2 e5 12. Bc3 0-1

[Event "*** Titled Tuesday Blitz"]
[Site "Chess.com"]
[Date "2020.11.03"]
[Round "7"]
[White "Mimsychess"]
[Black "Quiet_Desperation"]
[Result "1-0"]
[WhiteElo "2324"]
[BlackElo "1830"]
[TimeControl "180+1"]
[EndTime "11:16:47 PST"]
[Termination "Mimsychess won by resignation"]

1. e4 e6 2. d4 d5 3. Bd3 Nf6 4. e5 Nfd7 5. Nd2 c5 6. c3 Nc6 7.
Ndf3 Be7 8. Ne2 g5 9. h3 h5 10. Ng3 cxd4 11. cxd4 h4 12. Nf1 a6 13. Ne3 b5 14. Ng4 Bb7 15. Be3 Rc8 16. Rc1 Nb6 17. b3 Ba3 18. Bxg5 1-0

[Event "*** Titled Tuesday Blitz"]
[Site "Chess.com"]
[Date "2020.11.03"]
[Round "7"]
[White "Nemsko"]
[Black "keepitcoming"]
[Result "0-1"]
[WhiteElo "2368"]
[BlackElo "2529"]
[TimeControl "180+1"]
[EndTime "11:16:48 PST"]
[Termination "keepitcoming won by resignation"]

1. e4 c6 2. d4 d5 3. e5 Bf5 4. Nf3 e6 5. Be2 c5 6. Be3 Nc6 7. c3 cxd4 8. cxd4 Qb6 9. Qd2 Bxb1 10. Rxb1 Bb4 0-1

[Event "*** Titled Tuesday Blitz"]
[Site "Chess.com"]
[Date "2020.11.03"]
[Round "7"]
[White "IMDT02"]
[Black "Shubinkirill2003"]
[Result "0-1"]
[WhiteElo "2526"]
[BlackElo "2686"]
[TimeControl "180+1"]
[EndTime "11:17:07 PST"]
[Termination "Shubinkirill2003 won by resignation"]

1. d4 e6 2. c4 Nf6 3. Nc3 Bb4 4. e3 O-O 5. Ne2 d5 6. a3 Be7 7. cxd5 exd5 8. Nf4 c6 9. Bd3 Na6 10. O-O Nc7 11. f3 Ne6 12. Bc2 Nxf4 13. exf4 Ne8 14. f5 Nd6 15. g4 Re8 16. Qd3 Bh4 17. Bf4 h6 18. Kg2 Bg5 19. Bg3 Nc4 20. Rf2 Re3 21. Qf1 Rxc3 0-1

[Event "*** Titled Tuesday Blitz"]
[Site "Chess.com"]
[Date "2020.11.03"]
[Round "7"]
[White "PauloCesarCosta_sad"]
[Black "WcmDominicToretto"]
[Result "1-0"]
[WhiteElo "2332"]
[BlackElo "1944"]
[TimeControl "180+1"]
[EndTime "11:17:08 PST"]
[Termination "PauloCesarCosta_sad won by resignation"]

1. Nf3 d5 2. d4 Nc6 3. Bf4 Nf6 4. e3 Bf5 5. Bd3 Bxd3 6. Qxd3 e6 7. Qb5 Qd7 8. O-O b6 9. Nbd2 a6 10. Qe2 Be7 11. Ne5 O-O 12. Nxd7 1-0

[Event "*** Titled Tuesday Blitz"]
[Site "Chess.com"]
[Date "2020.11.03"]
[Round "7"]
[White "grzechu96"]
[Black "lucachess49"]
[Result "1-0"]
[WhiteElo "2690"]
[BlackElo "2373"]
[TimeControl "180+1"]
[EndTime "11:17:12 PST"]
[Termination "grzechu96 won by resignation"]

1. e4 e5 2. Nf3 Nc6 3. d4 exd4 4. Nxd4 Nf6 5. Nxc6 bxc6 6. e5 Qe7 7. Qe2 Nd5 8.
c4 Nb6 9. Nc3 Ba6 10. b3 Qe6 11. Bb2 Bb4 12. O-O-O O-O 13. f4 Rfe8 14. Qf3 d5 15.
cxd5 cxd5 16. Bxa6 c5 17. Nxd5 Nxd5 18. Bc4 1-0

[Event "*** Titled Tuesday Blitz"]
[Site "Chess.com"]
[Date "2020.11.03"]
[Round "7"]
[White "OldweakGM"]
[Black "Karateloru"]
[Result "0-1"]
[WhiteElo "2872"]
[BlackElo "2733"]
[TimeControl "180+1"]
[EndTime "11:17:17 PST"]
[Termination "Karateloru won on time"]

1. Nf3 Nf6 2. d4 e6 3. Bf4 d5 4. e3 Bd6 5. c3 c5 6. Bg3 Nc6 7. Nbd2 Qe7 8. Bb5 Bd7 9. O-O O-O 10. Re1 Nxd4 11. Nxd4 cxd4 0-1

[Event "*** Titled Tuesday Blitz"]
[Site "Chess.com"]
[Date "2020.11.03"]
[Round "7"]
[White "kflorian98"]
[Black "Indianlad"]
[Result "0-1"]
[WhiteElo "2755"]
[BlackElo "2945"]
[TimeControl "180+1"]
[EndTime "11:17:18 PST"]
[Termination "Indianlad won by checkmate"]

1. e4 c6 2. Nc3 d5 3. f4 dxe4 4. Nxe4 Nf6 5. d3 g6 6. Nf3 Bg7 7. g3 O-O 8. Bg2 Nxe4 9. dxe4 Qb6 10. c3 Bg4 11. Qe2 Nd7 12. Be3 Qc7 13. e5 f6 14.
O-O fxe5 15. Qc4+ e6 16. Ng5 Nb6 17. Qb3 Nd5 18. Bc5 exf4 19. Bxf8 Rxf8 20. Rae1 fxg3 21.
Rxf8+ Bxf8 22. Nxe6 gxh2+ 23. Kh1 Qg3 24. Qd1 Bxd1 25.
Rf1 Bd6 26. c4 Ne3 27. c5 Qxg2# 0-1

[Event "*** Titled Tuesday Blitz"]
[Site "Chess.com"]
[Date "2020.11.03"]
[Round "7"]
[White "Vuk2000"]
[Black "brunomorado"]
[Result "1-0"]
[WhiteElo "2644"]
[BlackElo "2442"]
[TimeControl "180+1"]
[EndTime "11:17:19 PST"]
[Termination "Vuk2000 won by resignation"]

1. d4 d5 2. Bf4 Bf5 3. e3 Nf6 4. c4 e6 5. Nc3 c6 6. Qb3 Qb6 7. Nf3 Nbd7 8. c5 Qxb3 9. axb3 a6 10. Nh4 Bg6 11. Nxg6 hxg6 12. h3 e5 13. dxe5 Nh5 14. b4 Nxf4 15. exf4 g5 16. fxg5 Nxe5 17. f4 Ng4 18.
Ke2 O-O-O 19. Kf3 f5 20. Bd3 Ne3 21. Kxe3 d4+ 22. Kf3 dxc3 23. Bxf5+ Kb8 24. bxc3 g6 25. Bxg6 Bg7 26. Rac1 Rd2 27. g3 Rhd8 28. h4 Ra2 29.
f5 1-0

[Event "*** Titled Tuesday Blitz"]
[Site "Chess.com"]
[Date "2020.11.03"]
[Round "7"]
[White "snowlord"]
[Black "paulrusan"]
[Result "1-0"]
[WhiteElo "2714"]
[BlackElo "2208"]
[TimeControl "180+1"]
[EndTime "11:17:33 PST"]
[Termination "snowlord won by resignation"]

1. e4 c5 2. Nf3 Nc6 3. Bb5 g6 4.
O-O Bg7 5. Re1 e5 6. Bxc6 dxc6 7.
d3 Bg4 8. Nbd2 Nf6 9. h3 Bxf3 10.
Nxf3 Nd7 11. a4 h6 12. b3 Qe7 13. a5 O-O 14. Be3 f5 15. exf5 gxf5 16. Qc1 f4 17. Bxf4 Rxf4 18. Qxf4 Rf8 19. Qg3 Qf6 20. Ra4 Kh7 21.
Rg4 b6 22. axb6 axb6 23. Ra4 Rf7 24. Qg4 b5 25. Ra7 Qd6 26. Qe4+ Qg6 27. Qxg6+ Kxg6 28. Rc7 e4 29. Rxe4 Nf6 30. Ne5+ 1-0

[Event "*** Titled Tuesday Blitz"]
[Site "Chess.com"]
[Date "2020.11.03"]
[Round "7"]
[White "NiranjanNavalgund"]
[Black "Keures"]
[Result "0-1"]
[WhiteElo "2436"]
[BlackElo "2324"]
[TimeControl "180+1"]
[EndTime "11:17:35 PST"]
[Termination "Keures won by resignation"]

1. d4 Nf6 2. c4 c5 3. d5 b5 4.
Qc2 bxc4 5. e4 d6 6. Bxc4 g6 7.
Nf3 Nbd7 8. O-O Bg7 9. Nc3 O-O 10. b3 Nxe4 11. Bb2 Nxc3 12. Bxc3 Bxc3 13. Qxc3 Nf6 14.
Rfe1 a5 15. Ng5 Ba6 16. Qg3 Bxc4 17. bxc4 Rb8 18. Qh4 Kg7 19. Re3 h6 20. Ne4 Nxe4 21.
Rxe4 e5 22. Qh3 Qc8 23. g4 f5 24. gxf5 Qxf5 25. Qg2 Rb2 26. Rf1 Rxa2 27. Qg3 Qxe4 28. h4 Qf4 29. Qg2 Rxf2 30. Rxf2 Qxf2+ 0-1

[Event "*** Titled Tuesday Blitz"]
[Site "Chess.com"]
[Date "2020.11.03"]
[Round "7"]
[White "ARTHURMOTIVATOR"]
[Black "ViktoriyaTarasova"]
[Result "1/2-1/2"]
[WhiteElo "2373"]
[BlackElo "2258"]
[TimeControl "180+1"]
[EndTime "11:17:38 PST"]
[Termination "Game drawn by agreement"]

1. e4 e5 2. Nc3 Nf6 3. g3 Nc6 4. Bg2 Bc5 5. Nge2 a6 6. O-O d6 7. d3 O-O 8. h3 h6 9. Kh2 b5 10.
Nd5 Nxd5 11. exd5 Nd4 12. Nxd4 Bxd4 13. c3 Ba7 14. Be3 Bxe3 15. fxe3 f5 16. b4 Bd7 17. Qe2 Qe7 18. Rac1 a5 19. a3 axb4 20. axb4 Ra4 21. Qd2 Rfa8 22. c4 Qd8 1/2-1/2

[Event "*** Titled Tuesday Blitz"]
[Site "Chess.com"]
[Date "2020.11.03"]
[Round "7"]
[White "Chamal_Gedgafov"]
[Black "TurboSteen"]
[Result "0-1"]
[WhiteElo "2116"]
[BlackElo "2015"]
[TimeControl "180+1"]
[EndTime "11:17:44 PST"]
[Termination "TurboSteen won by resignation"]

1. d4 Nf6 2. c4 g6 3. Nc3 d5 4.
cxd5 Nxd5 5. e4 Nxc3 6. bxc3 Bg7 7. Be3 c5 8. Nf3 O-O 9. Qd2 Qa5 10. Rc1 cxd4 11.
cxd4 Qxd2+ 12. Nxd2 Nd7 13. Be2 f5 14. e5 f4 15. Bf3 fxe3 16. fxe3 e6 17. Nc4 Nb6 18. Nxb6 axb6 19. O-O Rxa2 20. Rc7 Bh6 21. Re1 b5 22. e4 b4 23. Rc4 b3 24. Rb4 b2 25.
d5 Bd2 26. Rxb2 Rxb2 27. Re2 Bc3 28. Rxb2 Bxb2 0-1

[Event "*** Titled Tuesday Blitz"]
[Site "Chess.com"]
[Date "2020.11.03"]
[Round "7"]
[White "Bodnar_Mykola"]
[Black "CaspiIsrael"]
[Result "0-1"]
[WhiteElo "2407"]
[BlackElo "2605"]
[TimeControl "180+1"]
[EndTime "11:17:47 PST"]
[Termination "CaspiIsrael won by resignation"]

1. e4 d5 2. exd5 Qxd5 3. Nc3 Qd6 4. d4 Nf6 5. Nf3 a6 6. g3 Bg4 7. Bg2 Nc6 8. Bf4 Qb4 9. a3 Qxb2 10. Na4 Qb5 11. c4 Qxc4 12. Rc1 Qe6+ 13. Kf1 Nd5 14. Nc5 Qc8 15. Qb3 Nxf4 16. gxf4 Ra7 17. Ng5 Nd8 18.
Qa4+ Bd7 19. Qc4 Bb5 0-1

[Event "*** Titled Tuesday Blitz"]
[Site "Chess.com"]
[Date "2020.11.03"]
[Round "7"]
[White "PIwan"]
[Black "goldenpuppy"]
[Result "1-0"]
[WhiteElo "2531"]
[BlackElo "2365"]
[TimeControl "180+1"]
[EndTime "11:17:52 PST"]
[Termination "PIwan won by resignation"]

1. c4 e5 2. Nc3 d6 3. Nf3 g6 4. d4 Nd7 5. e4 Bg7 6. Bg5 f6 7. Be3 Ne7 8. h4 c6 9. h5 Qc7 10. Qc2 Nf8 11. h6 Bxh6 12. Rxh6 Ne6 13. O-O-O Bd7 14. Be2 O-O-O 15. c5 dxc5 16. dxc5 f5 17. Bg5 Rde8 18. Bf6 Rhf8 19. Bxe5 Qa5 20. Rxh7 Qxc5 21. Bd6 Qxf2 22. Bxe7 Rg8 23. Bc4 Qxc2+ 24. Kxc2 fxe4 25. Nxe4 Rg7 26. Rxg7 Nxg7 27. Nd6+ 1-0

[Event "*** Titled Tuesday Blitz"]
[Site "Chess.com"]
[Date "2020.11.03"]
[Round "7"]
[White "Tenamu"]
[Black "PetrolulSah"]
[Result "0-1"]
[WhiteElo "2343"]
[BlackElo "2195"]
[TimeControl "180+1"]
[EndTime "11:17:53 PST"]
[Termination "PetrolulSah won by resignation"]

1. d4 Nf6 2. Nc3 d5 3. Bf4 g6 4. e3 Bg7 5. h4 h5 6. Nf3 O-O 7. Ne5 c5 8. dxc5 Qa5 9. Qd4 Nbd7 10. b4 Qa3 11. Nb5 Qa4 12. Nc7 Ng4 13. Bb5 Qxc2 14.
Bxd7 Qxf2+ 15. Kd1 Bxd7 16. a4 Bxe5 17. Bxe5 Nxe3+ 0-1

[Event "*** Titled Tuesday Blitz"]
[Site "Chess.com"]
[Date "2020.11.03"]
[Round "7"]
[White "sokidze"]
[Black "pedroholly22"]
[Result "1-0"]
[WhiteElo "2540"]
[BlackElo "2373"]
[TimeControl "180+1"]
[EndTime "11:17:57 PST"]
[Termination "sokidze won by resignation"]

1. e4 c5 2. Nf3 d6 3. d4 cxd4 4. Nxd4 Nf6 5. Nc3 a6 6. h3 g6 7.
g4 Bg7 8. Bg2 O-O 9. O-O Qc7 10.
Re1 Nc6 11. Nb3 Na5 12. g5 Nh5 13. Nd5 Qd8 14. Nxa5 Qxa5 15. Nxe7+ Kh8 16. Nxc8 Raxc8 17. c3 Rc5 18. b4 Qd8 19. bxc5 Bxc3 20. Be3 Bxe1 21.
Qxe1 dxc5 22. Qc3+ Kg8 23. Qxc5 Re8 24. Qc2 Qd7 25.
Rd1 Qe6 26. Qb3 Qe7 27. Qd5 Ng7 28. Qd6 Ne6 29. Qxe7 Rxe7 30. a4 Rc7 31. f4 Nc5 32.
Rd8+ Kg7 33. Bd4+ 1-0

[Event "*** Titled Tuesday Blitz"]
[Site "Chess.com"]
[Date "2020.11.03"]
[Round "7"]
[White "tk22h"]
[Black "arminmusovic"]
[Result "0-1"]
[WhiteElo "2373"]
[BlackElo "2560"]
[TimeControl "180+1"]
[EndTime "11:18:01 PST"]
[Termination "arminmusovic won by resignation"]

1. c4 e5 2. Nc3 Nf6 3. Nf3 e4 4.
Ng5 b5 5. d3 exd3 6. cxb5 dxe2 7. Bxe2 h6 8. Nge4 c6 9. bxc6 Nxc6 10. O-O Nxe4 11. Nxe4 d5 12. Bb5 Bb7 13. Nc3 d4 14.
Re1+ Be7 15. Qg4 Kf8 16. Ne4 Qd5 17. Bd3 Ne5 18. Qg3 f5 19. Nd2 Nxd3 20. Rxe7 Kxe7 21. Qxg7+ Qf7 22. Qxd4 Rhd8 23. Qh4+ Qf6 0-1